 Dungeon Crawl Stone Soup version bcrawl-1.39.1 (console) character file.

Game seed: 11268818595222092977

148673 Lexodia the Gouger (level 7, -5/38 HPs)
             Began as a Felid Martial Artist on Aug 2, 2023.
             Was an Elder of Wu Jian.
             Shot with an arrow by a centaur (9 damage)
             ... on level 6 of the Dungeon.
             The game lasted 00:11:52 (4607 turns).

Lexodia the Gouger (Felid Martial Artist)           Turns: 4607, Time: 00:11:52

Health: -5/38      AC:  2    Str:  8    XL:     7   Next: 41%
Magic:  0/11       EV: 27    Int: 10    God:    Wu Jian [****..]
Gold:   341        SH:  0    Dex: 21    Spells: 9/10 levels left
                                        Lives:  0   Deaths: 2

rFire    . . .     GDR:     32%   - Teeth and claws (13.0)
rCold    . . .     SeeInvis +   (shield unavailable)
rNeg     . . .     Gourm    .   (armour unavailable)
rPois    .         Faith    .   (helmet unavailable)
rElec    .         Spirit   +   (cloak restricted)
rCorr    .         Reflect  .   (gloves unavailable)
MR       +....                  (boots unavailable)
Stlth    ++++......             m - amulet of guardian spirit
HPRegen  0.16/turn              o - +3 ring of evasion
MPRegen  0.12/turn              (no ring)

@: exhausted, lightly drained, quick
A: very small, no armour, no weapons or thrown items, stealth, claws 1, fangs 3,
see invisible, carnivore, speed 1, shaggy fur 2, slow metabolism 1, sharp paws
a: Wall Jump, Serpent's Lash, Heavenly Storm, Renounce Religion


You were on level 6 of the Dungeon.
You worshipped Wu Jian.
Wu Jian was greatly pleased with you.
You were not hungry.

You visited 1 branch of the dungeon, and saw 6 of its levels.

You collected 341 gold pieces.

Inventory:

Jewellery
 m - an amulet of guardian spirit (around neck)
 o - a +3 ring of evasion (left paw)
Wands
 n - a wand of flame (21)
 s - a wand of polymorph (8)
Scrolls
 d - 2 scrolls of enchant weapon {unknown}
 g - 9 scrolls of remove curse
 h - a scroll of teleportation
 j - a scroll of enchant armour
 k - 2 scrolls of fog {unknown}
Potions
 a - a potion of agility
 b - a potion of heal wounds
 c - 3 potions of curing
 f - a potion of resistance
 i - a potion of haste {unknown}
 l - a potion of mutation
 q - a potion of degeneration {unknown}
 u - a potion of flight {unknown}
Comestibles
 e - 8 rations {!d}


   Skills:
 + Level 4.7(4.3) Fighting
 + Level 7.6(7.1) Dodging
 + Level 7.2(6.7) Stealth
 + Level 8.4(7.9) Unarmed Combat
 - Level 2.0(1.5) Spellcasting
 - Level 3.0(2.5) Hexes


You had 9 spell levels left.
You knew the following spells:

 Your Spells              Type           Power        Failure   Level  Hunger
a - Confusing Touch       Hex            #.......     12%         1    None

Your spell library contained the following spells:

 Spells                   Type           Power        Failure   Level  Hunger
 Magic Dart               Conj           #...         32%         1    None
 Searing Ray              Conj           #.......     45%         2    ###....
 Iskenderun's Mystic Bla  Conj           #.......     69%         3    #####..
 Fulminant Prism          Conj/Hex       #.........   88%         4    ######.
 Irradiate                Conj/Tmut      #.........   100%        5    #######


Dungeon Overview and Level Annotations

Branches:
Dungeon (6/12)             Temple (0/1) D:5

Altars:
Ashenzari
Elyvilon
Trog
Zin

Shops:
D:6 [


Innate Abilities, Weirdness & Mutations

You cannot wear almost all types of armour.
You are incapable of wielding weapons or throwing items.
Your paws allow you to move quietly. (Stealth)
You have sharp claws.
You have razor-sharp teeth.
You have supernaturally acute eyesight. (SInv)
You are carnivorous and can eat meat at any time.
You cover ground quickly.
You are covered in thick fur. (AC +2)
You have a slow metabolism.
Your sharp claws are effective at attacking unaware monsters.


Message History

You lunge at the orc wizard.
You closely miss the orc wizard. Your bite misses the orc wizard.
The orc wizard is lightly wounded.
You spin and attack the orc warrior.
You barely miss the orc warrior.
The orc warrior is severely wounded.
The orc wizard completely misses you. The orc warrior completely misses you.
The centaur shoots an arrow.
The arrow hits you.
* * * LOW HITPOINT WARNING * * *
You spin and attack the orc warrior.
You closely miss the orc warrior.
The orc warrior is severely wounded.
The orc wizard gestures at you while chanting.
The puff of flame hits you.
* * * LOW HITPOINT WARNING * * *
The centaur shoots an arrow.
The arrow barely misses you.
The arrow hits the orc warrior but does no damage.
The orc warrior completely misses you.
You barely miss the orc wizard.
The orc wizard is lightly wounded.
The centaur shoots an arrow.
The arrow hits you!
You die...

.#.......#...#...#...............
.#.......#...#...#.........o†....
####.###.# #.###.##.##$###..###..
########.###)###.##'##. #..# #.
......#...(#...#....#. ..... $
......#....#...#....#. .......
..##..##.)##..##c.# #######
####..##..##.)##..#####
.(....'...#....°@oo...#
......#..∩#.....o.#...#
..##'###..##..##..# ..#
..##..######..##..# .#
..#...........##..# .#
..#.........(.....# #
<.#...######.......# #+#####
#..##...# ..##..# ...# ..##


You could see an orc warrior, a centaur, an orc wizard and an orc.

Vanquished Creatures
  Grinder (D:4)
  Prince Ribbit (D:5)
  A hippogriff (D:5)
  Eustachio (D:5)
  2 ice beasts (D:6)
  A phantom (D:4)
  A sky beast (D:6)
  4 ogres
  A bullfrog (D:6)
  2 centaurs
  A scorpion (D:5)
  2 howler monkeys
  An orc priest (D:6)
  A jelly (D:6)
  A bullfrog skeleton (D:6)
  2 iguanas
  Ijyb (D:4)
  Terence (D:3)
  3 orc wizards
  3 worker ants
  4 gnolls (D:4)
  5 adders
  2 oozes (D:5)
  4 worms
  3 dart slugs
  5 leopard geckos
  21 orcs
  4 giant cockroaches
  4 goblins
  8 hobgoblins
  4 jackals (D:5)
  2 quokkas (D:6)
  A ball python (D:3)
  6 bats
  3 frilled lizards (D:2)
  11 kobolds
  A quokka zombie (D:5)
  8 rats
127 creatures vanquished.

Notes
Turn   | Place    | Note
-------+----------+-------------------------------------------
     0 | D:1      | Lexodia the Felid Martial Artist began the quest for the
                  | Orb.
     0 | D:1      | Reached XP level 1. HP: 12/12 MP: 3/3
     1 | D:1      | Noticed an electric eel
     2 | D:1      | Reached skill level 5 in Unarmed Combat
     2 | D:1      | Reached XP level 2. HP: 16/16 MP: 3/5
   126 | D:1      | Reached XP level 3. HP: 20/20 MP: 6/6
   616 | D:1      | Reached ** piety under Wu Jian
  1365 | D:2      | Found a shattered altar of Ashenzari.
  1445 | D:2      | Reached XP level 4. HP: 24/24 MP: 8/8
  2037 | D:3      | Noticed Terence
  2042 | D:3      | Killed Terence
  2599 | D:4      | Reached XP level 5. HP: 28/28 MP: 9/9
  2754 | D:4      | Reached *** piety under Wu Jian
  2798 | D:4      | Reached skill level 5 in Stealth
  2798 | D:4      | Reached skill level 6 in Unarmed Combat
  2808 | D:4      | Noticed Grinder
  2809 | D:4      | Reached skill level 5 in Dodging
  2809 | D:4      | Gained mutation: You are covered in thick fur. (AC +2)
                  | [Felid growth]
  2809 | D:4      | Reached XP level 6. HP: 31/32 MP: 10/10
  2824 | D:4      | Killed Grinder
  2868 | D:4      | Noticed Ijyb
  2881 | D:4      | Killed Ijyb
  2917 | D:4      | Noticed a phantom
  2933 | D:4      | Killed a phantom
  3180 | D:4      | Found a white marble altar of Elyvilon.
  3180 | D:4      | Found a glowing silver altar of Zin.
  3188 | D:4      | Found a bloodstained altar of Trog.
  3194 | D:4      | Found a faded altar of an unknown god.
  3196 | D:4      | Found a faded altar of an unknown god.
  3234 | D:5      | Entered Level 5 of the Dungeon
  3257 | D:5      | Reached skill level 7 in Unarmed Combat
  3293 | D:5      | Noticed Prince Ribbit
  3294 | D:5      | Reached XP level 7. HP: 36/36 MP: 11/11
  3435 | D:5      | Found a staircase to the Ecumenical Temple.
  3435 | D:5      | Noticed a hippogriff
  3437 | D:5      | Found a faded altar of an unknown god.
  3533 | D:5      | Killed Prince Ribbit
  3537 | D:5      | HP: 1/36 [hippogriff (1)]
  3538 | D:5      | Slain by a hippogriff
  3539 | D:5      | Reached XP level 6. HP: 0/32 MP: 0/10
  3683 | D:5      | Killed a hippogriff
  3783 | D:5      | Reached XP level 7. HP: 37/37 MP: 11/11
  4050 | D:5      | Noticed Eustachio
  4056 | D:5      | Killed Eustachio
  4165 | D:6      | Reached **** piety under Wu Jian
  4202 | D:6      | Reached skill level 8 in Unarmed Combat
  4314 | D:6      | HP: 1/38 [orc wizard/puff of frost (12)]
  4315 | D:6      | Mangled by an orc warrior
  4316 | D:6      | Reached XP level 6. HP: -10/34 MP: 0/10
  4327 | D:6      | Found Sechonen's Antique Armour Shoppe.
  4346 | D:6      | Noticed an ice beast
  4347 | D:6      | Reached XP level 7. HP: 38/38 MP: 11/11
  4607 | D:6      | Shot with an arrow by a centaur

Skill      XL: |  1  2  3  4  5  6  7 |
---------------+----------------------+-----
Stealth        | 2 3 4 5 6 7 |  7.2
Unarmed Combat | 5 6 7 8 |  8.4
Hexes          | 2 3 |  3.0
Spellcasting   | 2 |  2.0
Dodging        | 5 6 7 |  7.6
Fighting       | 4 |  4.7

Action                   |  1- 3 |  4- 6 |  7- 9 || total
-------------------------+-------+-------+-------++-------
Melee: Unarmed           |    84 |   188 |   174 ||   446
       Bite              |     4 |    27 |    18 ||    49
       Punch             |       |     4 |     6 ||    10
 Cast: Confusing Touch   |       |     1 |     1 ||     2
 Abil: Lunge             |    18 |    23 |    18 ||    59
       Whirlwind         |       |     2 |    17 ||    19
       Serpent's Lash    |       |       |     3 ||     3
       Wall Jump         |       |       |     1 ||     1
  Use: Scroll            |       |     4 |     6 ||    10
       Potion            |       |       |     2 ||     2
 Stab: Sleeping          |    16 |     7 |    12 ||    35
       Distracted        |       |     1 |       ||     1
       Confused          |       |     1 |       ||     1
  Eat: Chunk             |     4 |    16 |     6 ||    26
Armor: Skin              |     1 |     4 |     4 ||     9
Dodge: Dodged            |    31 |   120 |   164 ||   315
